 Dungeon Crawl Stone Soup version 0.30.1-4-g462c640d31 (webtiles) character file.

Game seed: 8871564901728341575

15 Peloso the Covered (level 2, 27/27 HPs)
             Began as a Minotaur Fighter on Sept 10, 2023.
             Got out of the dungeon alive.
             The game lasted 00:00:53 (410 turns).

Peloso the Covered (Minotaur Fighter)                Turns: 410, Time: 00:00:53

Health: 27/27      AC:  4    Str: 20    XL:     2   Next: 34%
Magic:  1/1        EV:  9    Int:  5    God:
Gold:   21         SH:  4    Dex:  9    Spells: 1/1 levels left

rFire   . . .        a - +0 long sword
rCold   . . .        c - +0 buckler
rNeg    . . .        b - +0 scale mail
rPois   .            (helmet restricted)
rElec   .            (no cloak)
rCorr   .            (no gloves)
SInv    .            (no boots)
Will    .....        (no amulet) Stlth
                     (no ring)
HPRegen 0.24/turn    (no ring)
MPRegen 0.07/turn

%: no passive effects
@: attractive
A: horns 2, retaliatory headbutt, deformed body, MP-powered wands
a: no special abilities


You escaped.
You visited 1 branch of the dungeon, and saw 1 of its levels.

You collected 21 gold pieces.

Inventory:

Hand Weapons
 a - a +0 long sword (weapon)
Armour
 b - a +0 scale mail (worn)
 c - a +0 buckler (worn)
Scrolls
 e - a scroll of poison {unknown}
 f - a scroll of identify {unknown}
Potions
 d - a potion of might
 g - 2 potions of attraction


   Skills:
 + Level 3.8 Fighting
 + Level 2.7 Long Blades
 + Level 4.0 Armour
 + Level 3.9 Shields


You had one spell level left.
You didn't know any spells.
Your spell library was empty.

Dungeon Overview and Level Annotations

Branches:
Dungeon (1/15)

Altars:

Shops:
D:1 (


Innate Abilities, Weirdness & Mutations

You have a pair of horns on your head.
You reflexively headbutt those who attack you in melee.
Armour fits poorly on your strangely shaped body.
You expend magic power (3 MP) to strengthen your wands.


Message History

A dart slug is nearby!
A dart slug is nearby!
Found 3 pink potions.
The dart slug launches a dart at you. The slug dart hits you.
The dart slug bites you but does no damage.
You hit the dart slug but do no damage. You hit the dart slug.
The dart slug is severely wounded.
The dart slug closely misses you.
You slash the dart slug!
You kill the dart slug!
Your Armour skill increases to level 4!
You see here a dart slug corpse.
g - 3 pink potions A frilled lizard comes into view.
The frilled lizard hisses angrily.
The frilled lizard bites you but does no damage.
You see here a viscous ruby potion.
You miss the frilled lizard. You block the frilled lizard's attack.
You closely miss the frilled lizard. The frilled lizard barely misses you.
You furiously retaliate!
You headbutt the frilled lizard!
You kill the frilled lizard!
h - a viscous ruby potion It was a potion of attraction.
You feel attractive to monsters.
Okay, then.
Unknown command.
It was a potion of mutation.
You feel extremely strange.
Your body twists and deforms.
You feel your magical essence link to the dungeon's wands.
(D) Dungeon
Where to? (? - help)
What level of the Dungeon? (default 1, ? - help)
You enter the shallow water.
Moving in this stuff is going to be slow.
There is a large open door here.
There is a staircase leading out of the dungeon here.
Are you sure you want to leave the Dungeon?
This will make you lose the game!
You have escaped!

########## #.# #
#.# #. #.# #######
#.#####.####)....#
#~~~§§≈≈~~~#.∩...#
#~8~~≈§~~8~......#
#~~8~~~~8~~#.....#
#§~~####~~§#.....#
#§§§#.@#~§§###.###
#§§~#..#~≈§# #.#
#§§~#''#~~≈# #.#
#§~8~~~~8~~# #.#
#~8~~≈≈~~8~# #.#
#~~~≈≈≈≈~~~# #.#
#(#......### #.#
#........# #.#
..######## #.#


There were no monsters in sight!

Vanquished Creatures
  A dart slug (D:1)
  A bat (D:1)
  An endoplasm (D:1)
  3 goblins (D:1)
  4 ball pythons (D:1)
  A frilled lizard (D:1)
  2 rats (D:1)
13 creatures vanquished.

Notes
Turn   | Place    | Note
-------+----------+-------------------------------------------
     0 | D:1      | Peloso the Minotaur Fighter began the quest for the Orb.
     0 | D:1      | Reached XP level 1. HP: 19/19 MP: 0/0
   261 | D:1      | Found a faded altar of an unknown god.
   270 | D:1      | Reached XP level 2. HP: 24/27 MP: 1/1
   370 | D:1      | Reached skill level 4 in Armour
   390 | D:1      | Gained mutation: Armour fits poorly on your strangely
                  | shaped body. [potion of mutation]
   390 | D:1      | Gained mutation: You expend magic power (3 MP) to
                  | strengthen your wands. [potion of mutation]
   410 | D:$      | Got out of the dungeon alive.

Illustrated notes

Levels and vault maps discovered:
D:1:      lightli_arrival_boilingwater, layout_loops_ring,
          nicolae_ecumenical_snake_handling, serial_shops, shop,
          nicolae_figureground_sparkle

Skill      XL: |  1  2 |
---------------+-------+-----
Armour         | 4 |  4.0
Fighting       | |  3.8
Long Blades    | |  2.7
Shields        | |  3.9

Action                     || total
---------------------------++-------
  Melee: Long sword        ||    23
         Headbutt          ||     2
    Use: Potion            ||     3
 Armour: Scale mail        ||     7
  Dodge: Dodged            ||     8
  Block: Buckler           ||     3
